Map: [ESL] Data-C

Players

Reynor - Winner!

  • Race: Zerg Zerg
  • League: Master
  • Spawn Location: 3:00

gumiho

  • Race: Terran Terran
  • Spawn Location: 9:00

Event: HomeStory Cup XXII

VOD

Have the link to the VOD?

Description

Time

  • Played on: Dec. 17, 2022, 10:44 a.m.
  • Length: 6:10

All games in this series

Show
View Real Time Build Order
Export as new Build Order

Reynor Zerg - Winner!

Build Orders: Pool First 

Get SALT Encoding   

  12  0:00  Drone  
  13  0:12  Overlord  
  13  0:17  Drone  
  14  0:31  Drone x2  
  14  0:35  Drone  
  17  0:43  Extractor  
  17  0:44  Drone  
  17  0:50  Spawning Pool  
  17  0:55  Drone  
  17  1:06  Drone  
  18  1:19  Hatchery  
  17  1:27  Drone  
  18  1:37  Zergling x2  
  18  1:38  Zergling x2  
  18  1:39  Queen  
  20  1:46  Metabolic Boost  
  22  1:54  Overlord  
  22  2:03  Extractor  
  22  2:04  Zergling x2  
  23  2:12  Zergling x2  
  23  2:15  Queen  
  24  2:21  Zergling x2  
  27  2:31  Queen, Drone  
  27  2:33  Drone  
  31  2:41  Drone  
  32  2:45  Drone  
  33  2:56  Hatchery  
  32  3:01  Overlord  
  32  3:03  Drone  
  33  3:09  Drone x2  
  33  3:11  Drone  
  35  3:20  Drone x3  
  35  3:23  Overlord  
  35  3:26  Drone  
  39  3:28  Drone  
  39  3:32  Drone  
  38  3:37  Queen  
  38  3:38  Drone  
  38  3:40  Drone  
  42  3:50  Roach Warren  
  42  3:54  Drone x2  
  43  3:56  Overlord  
  43  3:59  Overlord  
  43  4:04  Zergling x2  
  43  4:09  Zergling x2  
  47  4:10  Zergling x10  
  47  4:16  Zergling x2  
  47  4:17  Zergling x2  
  56  4:31  Roach x5  
  56  4:32  Roach  
  56  4:35  Roach  
  64  4:41  Overlord  
  64  4:45  Overlord  
  62  4:57  Zergling x2  
  62  4:58  Zergling x6  
  62  4:59  Overlord  
  65  5:01  Zergling x4  
  65  5:02  Zergling x10  
  65  5:05  Zergling x2  
  70  5:09  Zergling x2  
  70  5:11  Zergling x2  
  72  5:15  Zergling x2  
  72  5:16  Ravager  
  72  5:18  Ravager  
  72  5:19  Zergling x2  
  76  5:22  Zergling x2  
  76  5:24  Zergling x2  
  78  5:29  Zergling x2  
  78  5:32  Queen  
  78  5:35  Zergling x4, Extractor  
  82  5:44  Zergling x14  
  82  5:49  Zergling x2  
  89  5:50  Overlord  
  89  5:52  Zergling x6  
Show
View Real Time Build Order
Export as new Build Order

gumiho Terran 

Build Orders: Command Center First (CC), Hellion Banshee 

Get SALT Encoding   

  12  0:00  SCV  
  13  0:12  SCV  
  14  0:17  Supply Depot  
  14  0:24  SCV  
  15  0:38  SCV  
  16  0:50  SCV  
  17  0:59  Command Center  
  17  1:02  SCV  
  18  1:12  Barracks  
  18  1:16  SCV  
  19  1:21  Refinery  
  19  1:28  SCV  
  19  1:29  Refinery  
  20  1:40  SCV  
  21  1:52  SCV  
  22  1:59  Reaper  
  23  2:05  Orbital Command  
  23  2:10  Orbital Command  
  23  2:17  Factory  
  23  2:32  Barracks Reactor, SCV  
  25  2:37  SCV  
  25  2:48  Command Center  
  25  2:49  SCV  
  26  2:51  SCV  
  27  3:01  SCV  
  27  3:03  Hellion, SCV  
  31  3:09  Marine x2  
  33  3:18  SCV  
  33  3:19  SCV  
  33  3:24  Hellion  
  33  3:27  Marine  
  32  3:31  SCV x2  
  31  3:43  SCV x2  
  33  3:48  Marine  
  33  3:49  Marine  
  33  3:55  SCV x2  
  37  4:02  Starport  
  37  4:04  Orbital Command  
  37  4:07  SCV x2  
  39  4:14  Barracks Tech Lab  
  39  4:18  Hellion  
  39  4:19  SCV x2, Hellion  
  45  4:26  Supply Depot  
  45  4:31  SCV x2  
  43  4:39  SCV, Hellion  
  43  4:41  Hellion  
  43  4:43  SCV x2  
  50  4:46  Supply Depot  
  50  4:57  Banshee  
  50  5:02  Hellion x2  
  50  5:03  SCV x2  
  50  5:05  SCV  
  56  5:09  Barracks Tech Lab  
  56  5:12  Engineering Bay  
  56  5:13  Engineering Bay  
  56  5:15  SCV x2  
  56  5:20  Supply Depot  
  59  5:24  Orbital Command  
  59  5:27  SCV  
  59  5:28  SCV  
  60  5:29  Marine  
  60  5:31  Barracks  
  60  5:35  Barracks  
  61  5:40  SCV x2  
  61  5:41  Factory Reactor  
  62  5:47  Marine  
Tags
 
Add a new tag
Caveats
  • Supply blocks, unpowered buildings, or Contaminate may cause inaccurate times.
  • Supply counts are checked every 10 seconds.